 Dungeon Crawl Stone Soup version 0.29.1-2-gbd0b4ee654 (webtiles) character file.

Game seed: 4175108990625899293

617 GeoRichter the Digger (level 7, 0/32 HPs)
             Began as a Spriggan Earth Elementalist on Nov 11, 2022.
             Shot with an arrow by a centaur (9 damage)
             ... on level 5 of the Dungeon.
             The game lasted 00:07:55 (5168 turns).

GeoRichter the Digger (Spriggan Earth Elementalist) Turns: 5168, Time: 00:07:56

Health: 0/32       AC:  2    Str:  4    XL:     7   Next: 21%
Magic:  16/17      EV: 18    Int: 18    God:
Gold:   226        SH:  0    Dex: 22    Spells: 14/18 levels left

rFire   + . .      SeeInvis +   n - +9 hand axe of the Divine God {flame, rCorr}
rCold   . . .      Faith    .   (no shield)
rNeg    . . .      Spirit   .   p - +0 robe {rF+}
rPois   .          Reflect  .   (helmet restricted)
rElec   .          Harm     .   (no cloak)
rCorr   +          Rampage  .   (gloves unavailable)
Will    +....                   (boots unavailable)
Stlth   +++.......              (no amulet)
HPRegen 0.10/turn               g - +6 ring of dexterity
MPRegen 0.15/turn               d - ring of flight

@: flying, very quick
A: very small, no large weapons, unfitting armour, see invisible, speed 3
a: no special abilities


You were on level 5 of the Dungeon.
You visited 1 branch of the dungeon, and saw 5 of its levels.

You collected 226 gold pieces.

Inventory:

Hand Weapons
 h - a +2 dagger of venom
   (You took it off a goblin on level 1 of the Dungeon)
 n - the +9 hand axe of the Divine God (weapon) {flame, rCorr}
   (You found it on level 3 of the Dungeon)

   It burns those it strikes, dealing additional fire damage.
   Big, fiery blades are also staple armaments of hydra-hunters.
   rCorr:     It protects you from acid and corrosion.
Armour
 p - a +0 robe of fire resistance (worn)
   (You found it on level 3 of the Dungeon)
Jewellery
 d - a ring of flight (right hand)
   (You found it on level 1 of the Dungeon)
 g - a +6 ring of dexterity (left hand)
   (You found it on level 1 of the Dungeon)
 x - a ring of protection from cold
   (You found it on level 5 of the Dungeon)
Wands
 q - a wand of paralysis (10)
   (You found it on level 3 of the Dungeon)
Scrolls
 a - a scroll of teleportation {unknown}
 c - a scroll of fear {unknown}
 e - 6 scrolls of identify {unknown}
 k - 2 scrolls of immolation {unknown}
 o - a scroll of summoning {unknown}
 s - a scroll of blinking {unknown}
 w - a scroll of enchant armour {unknown}
Potions
 b - 2 potions of magic
 f - 2 potions of attraction {unknown}
 i - 4 potions of mutation {unknown}
 j - 2 potions of heal wounds {unknown}
 l - 5 potions of curing {unknown}
 m - 2 potions of invisibility {unknown}
 r - 2 potions of berserk rage {unknown}
 t - a potion of haste {unknown}
 u - a potion of cancellation {unknown}
 v - a potion of resistance


   Skills:
 - Level 2.6 Dodging
 - Level 3.0 Stealth
 + Level 6.0 Spellcasting
 - Level 1.3 Transmutations
 * Level 6.4 Earth Magic


You had 14 spell levels left.
You knew the following spells:

 Your Spells              Type           Power      Damage    Failure   Level
a - Sandblast             Erth           56%        2d13      1%          1
b - Stone Arrow           Conj/Erth      34%        3d9       10%         3

Your spell library contained the following spells:

 Spells                   Type           Power      Damage    Failure   Level
 Passwall                 Tmut/Erth      15%        N/A       3%          2
 Beastly Appendage        Tmut           20%        N/A       7%          1
 Wereblood                Tmut           10%        N/A       11%         2
 Slow                     Hex            20%        N/A       12%         1
 Petrify                  Tmut/Erth      19%        N/A       24%         4
 Spider Form              Tmut/Pois      7%         N/A       26%         3
 Confusing Touch          Hex            5%         N/A       34%         3
 Vampiric Draining        Necr           5%         2d6       34%         3


Dungeon Overview and Level Annotations

Branches:
Dungeon (5/15) Zot: 25753
 Temple: D:4-7

Altars:
Dithmenos
The Shining One


Innate Abilities, Weirdness & Mutations

You are very small and have problems with some larger weapons.
You are too small for most types of armour.
You have supernaturally acute eyesight. (SInv)
You cover ground extremely quickly. (Speed+++)


Message History

There is a stone staircase leading down here.
Aim: an orc, wielding a +0 dagger and wearing a +0 ring mail (85% to hit)
The blast of sand hits the orc.
Aim: an orc, wielding a +0 dagger and wearing a +0 ring mail (severely wounded, 85% to hit)
The blast of sand hits the orc.
You kill the orc!
Aim: an orc, wielding a +0 club (83% to hit)
The blast of sand hits the orc!
You kill the orc!
The orc priest invokes the aid of Beogh against you.
You resist with significant effort.
Aim: an orc priest, wielding a +0 flail (83% to hit)
The blast of sand hits the orc priest.
Aim: an orc priest, wielding a +0 flail (moderately wounded, 83% to hit)
The blast of sand hits the orc priest!!
You kill the orc priest!
There is a stone staircase leading down here.
Things that are here:
a +0 flail; an orc corpse
Things that are here:
a +0 club; a +0 dagger; a +0 ring mail An adder comes into view.
Okay, then.
The blast of sand hits the adder!
You kill the adder!
You can't see any susceptible monsters within range! (Use Z to cast anyway.)
A jelly comes into view.
A worm comes into view.
The worm moves out of view.
You can't see any susceptible monsters within range! (Use Z to cast anyway.)
The blast of sand hits the jelly!
The blast of sand hits the jelly!
You kill the jelly!
The blast of sand hits the worm!
The blast of sand hits the worm!
You kill the worm!
Your Spellcasting skill increases to level 6!
A centaur comes into view.
The centaur shouts!
A centaur is nearby!
The centaur wields a +0 shortbow.
The centaur shoots an arrow.
The arrow hits you.
The blast of sand hits the centaur!
The centaur shoots an arrow.
The arrow hits you!
* * * LOW HITPOINT WARNING * * *
The centaur shoots an arrow.
The arrow closely misses you.
The centaur shoots an arrow.
The arrow hits you.
* * * LOW HITPOINT WARNING * * *
The centaur shoots an arrow.
The arrow hits you!
You die...

...###.. ...........
..##
.....................##.
.....
......................#.
###...
........................
# ...
#...........##.........>
# ..
#...........#........##
# .....†....##.......###
# #.......###....####. .
#@....###..### ## .
##......##....# ##. .
#............####..
..................###...
..................##....
.................###....
.#.c......#.#......#....
#........#####.#....#..
#.......## #####.##..


You could see a centaur.

Vanquished Creatures
  A gnoll sergeant (D:4)
  A jelly (D:5)
  A hound (D:5)
  3 orc priests
  4 orc wizards
  6 adders
  12 gnolls
  4 worms
  2 dart slugs
  14 orcs
  9 endoplasms
  3 giant cockroaches (D:3)
  9 goblins
  2 hobgoblins (D:1)
  8 jackals (D:4)
  10 kobolds
  4 quokkas
  9 ball pythons
  4 bats
  5 frilled lizards
  5 rats
116 creatures vanquished.

Notes
Turn   | Place    | Note
-------+----------+-------------------------------------------
     0 | D:1      | GeoRichter the Spriggan Earth Elementalist began the quest
                  | for the Orb.
     0 | D:1      | Reached XP level 1. HP: 9/9 MP: 5/5
   241 | D:1      | Reached XP level 2. HP: 13/13 MP: 4/7
   292 | D:1      | Found a faded altar of an unknown god.
   797 | D:1      | Reached XP level 3. HP: 16/16 MP: 3/8
  1173 | D:1      | Learned a level 3 spell: Stone Arrow
  1439 | D:2      | Reached XP level 4. HP: 21/21 MP: 7/10
  1986 | D:3      | Identified the +9 hand axe of the Divine God {flame, rCorr}
  2900 | D:4      | Reached XP level 5. HP: 15/24 MP: 9/12
  3119 | D:4      | Reached skill level 5 in Earth Magic
  3802 | D:4      | Reached XP level 6. HP: 15/28 MP: 4/14
  3999 | D:4      | Reached skill level 5 in Spellcasting
  4304 | D:5      | Entered Level 5 of the Dungeon
  4915 | D:5      | Reached XP level 7. HP: 26/32 MP: 9/16
  5013 | D:5      | Found a glowing golden altar of the Shining One.
  5015 | D:5      | Found a shadowy altar of Dithmenos.
  5168 | D:5      | Shot with an arrow by a centaur

Illustrated notes

Levels and vault maps discovered:
D:1:      dpeg_arrival_boxes_within_box, layout_basic,
          hellmonk_ecumenical_altar_arch_garden, minmay_misc_feat_plants,
          minmay_pentomino_o4
D:2:      layout_loops_cross
D:3:      layout_loops_cross, hangedman_decor_clover_reticule,
          amcnicky_mini_pool_small, dreamdust_mushroom_princess,
          hangedman_decor_diamond_cutter
D:4:      layout_basic, grunt_ministairs_7
D:5:      layout_cave_pools, minitemple

Skill      XL: |  1  2  3  4  5  6  7 |
---------------+----------------------+-----
Spellcasting   | 3 4 5 6 |  6.0
Earth Magic    | 3 4 5 6 |  6.4
Dodging        | |  2.6
Stealth        | |  3.0
Transmutations | |  1.3

Action                   |  1- 3 |  4- 6 |  7- 9 || total
-------------------------+-------+-------+-------++-------
Melee: Hand axe          |       |     5 |       ||     5
 Cast: Sandblast         |    51 |   131 |    15 ||   197
 Stab: Sleeping          |       |     1 |       ||     1
Armor: Robe              |     1 |     4 |       ||     5
Dodge: Dodged            |     9 |    29 |     2 ||    40
